Map: Vigília Leste LE

Players

xentroz - Winner!

  • Race: Protoss Protoss
  • League: Platinum
  • Spawn Location: 7:00

IagoAbreu

  • Race: Zerg Zerg
  • League: Gold
  • Spawn Location: 1:00

VOD

Have the link to the VOD?

Description

Time

  • Played on: May 3, 2018, 5:20 p.m.
  • Length: 9:42
Show
View Real Time Build Order
Export as new Build Order

xentroz Protoss - Winner!

Build Orders: Forge Fast Expand (FFE) 

Get SALT Encoding   

  12  0:02  Probe  
  13  0:14  Pylon  
  13  0:22  Probe  
  14  0:33  Forge  
  14  0:35  Probe  
  15  0:44  Probe  
  16  0:52  Probe  
  17  1:06  Pylon  
  17  1:09  Probe  
  17  1:17  Probe  
  19  1:26  Probe  
  20  1:33  Nexus  
  20  1:41  Pylon  
  20  1:45  Probe  
  22  2:01  Probe  
  22  2:20  Gateway  
  22  2:22  Assimilator  
  22  2:34  Photon Cannon  
  21  2:49  Photon Cannon  
  21  2:50  Photon Cannon  
  21  3:00  Photon Cannon  
  21  3:02  Probe  
  22  3:10  Assimilator  
  22  3:13  Probe  
  22  3:14  Probe  
  24  3:21  Probe  
  24  3:27  Probe  
  26  3:31  Probe  
  26  3:33  Photon Cannon  
  27  3:39  Probe  
  28  3:44  Probe  
  29  3:55  Probe  
  30  3:56  Probe  
  31  4:07  Probe  
  31  4:08  Probe  
  33  4:19  Probe  
  33  4:21  Cybernetics Core  
  34  4:27  Pylon  
  35  4:31  Probe  
  35  4:43  Photon Cannon, Probe  
  35  4:52  Photon Cannon  
  35  4:55  Probe  
  35  4:56  Photon Cannon  
  35  4:58  Photon Cannon  
  36  5:07  Probe  
  36  5:08  Twilight Council  
  37  5:14  Pylon  
  37  5:18  Probe  
  37  5:19  Probe  
  39  5:23  Assimilator  
  39  5:25  Assimilator  
  39  5:30  Probe  
  39  5:31  Probe  
  41  5:42  Stargate  
  41  5:44  Probe  
  41  5:46  Stargate  
  41  5:48  Stargate  
  42  5:51  Warp Gate  
  42  6:01  Probe  
  43  6:12  Dark Shrine  
  43  6:13  Probe  
  44  6:31  Void Ray x2  
  52  6:42  Void Ray  
  56  6:49  Pylon  
  56  6:59  Pylon  
  56  7:10  Gateway  
  56  7:16  Gateway  
  56  7:19  Void Ray, Gateway  
  56  7:20  Void Ray  
  64  7:29  Void Ray  
  68  7:40  Pylon  
  68  8:28  Dark Templar x4  
  63  9:01  Dark Templar x3  
Show
View Real Time Build Order
Export as new Build Order

IagoAbreu Zerg 

Build Orders: Pool First 

Get SALT Encoding   

  12  0:03  Drone  
  13  0:09  Drone  
  14  0:17  Overlord  
  14  0:34  Spawning Pool  
  13  0:38  Drone  
  13  0:41  Drone  
  15  0:45  Drone  
  16  0:50  Drone  
  17  0:58  Extractor  
  16  1:06  Drone  
  16  1:10  Evolution Chamber  
  16  1:15  Extractor  
  16  1:16  Drone  
  16  1:25  Queen  
  16  1:27  Zergling x2  
  19  1:33  Drone  
  20  1:43  Drone  
  21  1:55  Zergling x2  
  22  2:09  Hatchery  
  21  2:21  Zergling x2  
  22  2:25  Overlord  
  22  2:43  Zergling x6  
  22  2:44  Zergling x4  
  26  2:48  Zerg Melee Weapons Level 1  
  26  2:55  Metabolic Boost  
  26  3:19  Zergling x6  
  29  3:26  Zergling x2  
  24  3:53  Zergling x10  
  24  3:54  Zergling x2  
  26  4:00  Zergling x2  
  26  4:01  Zergling x4  
  26  4:32  Drone x3  
  29  4:43  Hatchery  
  28  4:51  Drone  
  29  4:54  Overlord  
  29  5:02  Overlord  
  29  5:12  Pneumatized Carapace  
  29  5:27  Drone x3  
  32  5:32  Zerg Ground Armor Level 1  
  32  5:48  Roach Warren  
  31  5:50  Zergling x4  
  33  6:21  Zergling x6  
  33  6:23  Zergling x2  
  33  6:24  Zergling x10  
  42  6:32  Lair  
  42  6:42  Zergling x2  
  43  7:01  Overlord  
  43  7:02  Overlord x2  
  43  7:13  Baneling Nest  
  42  7:16  Drone  
  42  7:19  Queen  
  42  7:20  Zergling x4  
  47  7:31  Zergling x6  
  47  7:32  Zergling x2  
  51  7:41  Drone  
  52  8:00  Drone x6  
  52  8:36  Zergling x8  
  52  8:37  Zergling x12  
  46  9:09  Zergling x8  
  46  9:10  Zergling x2  
  37  9:26  Spore Crawler  
  37  9:27  Spore Crawler x2  
Tags
 
Add a new tag
Caveats
  • Supply blocks, unpowered buildings, or Contaminate may cause inaccurate times.
  • Supply counts are checked every 10 seconds.